 Dungeon Crawl Stone Soup version 0.31.0-11-ge490571c62 (webtiles) character file.

Game seed: 5131097542333838462

1244 qw the Nimble (level 8, -3/39 HPs)
             Began as a Spriggan Hunter on Feb 4, 2024.
             Slain by a wyvern (11 damage)
             ... on level 7 of the Dungeon.
             The game lasted 00:00:46 (3941 turns).

qw the Nimble (Spriggan Hunter)                     Turns: 3941, Time: 00:00:47

Health: -3/39      AC:  8    Str:  7    XL:     8   Next: 25%
Magic:  9/9        EV: 27    Int: 12    God:
Gold:   257        SH:  0    Dex: 27    Spells: 7/7 levels left

rFire   . . .        a - +0 shortbow
rCold   . . .        (shield currently unavailable)
rNeg    . . .        m - +2 robe "Widdo" {Int+2}
rPois   .            (helmet restricted)
rElec   .            (no cloak)
rCorr   .            (gloves unavailable)
SInv    +            (boots unavailable)
Will    +....        (no amulet)
Stlth   +++          d - +4 ring of protection
HPRegen 0.26/turn    e - +6 ring of dexterity
MPRegen 0.11/turn

%: no passive effects
@: about to teleport, very quick
A: very small, no large weapons, unfitting armour, see invisible, speed 3
a: no special abilities


You were on level 7 of the Dungeon.
You visited 2 branches of the dungeon, and saw 8 of its levels.

You collected 257 gold pieces.


Innate Abilities, Weirdness & Mutations

You are very small and have problems with some larger weapons.
You are too small for most types of armour.
You have supernaturally acute eyesight. (SInv)
You cover ground extremely quickly. (Speed+++)


   Skills:
 + Level 2.9 Fighting
 - Level 8.0 Ranged Weapons
 - Level 9.0 Dodging
 - Level 1.5 Stealth


You had 7 spell levels left.
You didn't know any spells.
Your spell library was empty.

Inventory:

Hand Weapons
 a - a +0 shortbow (weapon)
Armour
 m - the +2 robe "Widdo" (worn) {Int+2}
   (You found it on level 4 of the Dungeon)

   Int+2:     It affects your intelligence (+2).
Jewellery
 d - a +4 ring of protection (left hand)
 e - a +6 ring of dexterity (right hand)
 f - a ring of fire
Wands
 b - a wand of acid (6)
 h - a wand of digging (7)
Scrolls
 l - 6 scrolls of teleportation
Potions
 c - a potion of resistance {unknown}
 g - 2 potions of curing {unknown}
 j - a potion of might
 k - a potion of brilliance {unknown}

Dungeon Overview and Level Annotations

Branches:
Dungeon (7/15)             Temple (1/1) D:5

Altars:
Ashenzari
Cheibriados
Dithmenos
Elyvilon
Hepliaklqana
Makhleb
Nemelex Xobeh
Ru
Trog
Uskayaw
Vehumet
Yredelemnul
The Shining One
Lugonu

Portals:
Abyss: D:3

Annotations:
D:3 2 runed translucent doors


Message History

You shoot an arrow. The arrow hits the hound!
You kill the hound!
You shoot an arrow. The arrow hits the wyvern.
The wyvern is lightly wounded.
The wyvern closely misses you. The wyvern completely misses you.
You shoot an arrow. The arrow barely misses the wyvern.
The arrow hits the orc wizard.
The orc wizard is moderately wounded.
The wyvern closely misses you.
You shoot an arrow.
The arrow closely misses the orc wizard.
The wyvern completely misses you. The wyvern bites you!
You shoot an arrow.
The arrow closely misses the orc wizard.
The wyvern misses you.
The orc wizard hits you but does no damage.
The orc barely misses you.
You shoot an arrow. The arrow hits the orc wizard.
The orc wizard is heavily wounded.
The wyvern bites you! The wyvern closely misses you.
The orc wizard closely misses you. The orc misses you.
You shoot an arrow. The arrow hits the orc wizard.
The orc wizard is severely wounded.
The wyvern completely misses you.
The orc wizard points at you and mumbles some strange words.
The magic dart hits you. The orc hits you with a +0 hand axe.
3939 ||| READING 7 scrolls of teleportation.
As you read the scroll of teleportation, it crumbles to dust.
You feel strangely unstable. The wyvern completely misses you.
The orc completely misses you.
The orc wizard hits you but does no damage.
The wyvern misses you.
You shoot an arrow. The arrow hits the orc wizard!
You kill the orc wizard!
The wyvern completely misses you. The orc closely misses you.
You shoot an arrow.
The arrow hits the wyvern but does no damage.
The wyvern is lightly wounded.
The wyvern bites you!
You die...

...........#
#..#.###.###..##.#
#..#.# #.# #..##.#
#..#.# #[###..##..
#..#.# #.......###
#.. #..#.#
#.####..... ....
#..#.# #.# #..###
.....##..#.# #.# #.<#
#..))k@.#.###.####..#
###..o).#...........#
#..###.............#
#.# #.#####.####### #
#.#####.# ##
........########.
##................
#################


You could see a wyvern and an orc.

Vanquished Creatures
  Menkaure (D:4)
  Eustachio (D:5)
  An ice beast (D:6)
  A centaur (D:7)
  A phantom (D:5)
  A bullfrog (D:7)
  4 killer bees (D:7)
  3 bombardier beetles
  3 hounds
  4 orc priests
  An orc wizard (D:7)
  An iguana (D:5)
  A gnoll (D:1)
  4 adders
  A shadow imp (D:5)
  2 ufetubi (D:5)
  A ribbon worm (D:5)
  11 orcs
  14 endoplasms
  A giant cockroach (D:2)
  5 goblins
  5 hobgoblins
  5 jackals
  2 quokkas (D:2)
  7 ball pythons
  6 bats
  5 frilled lizards
  5 kobolds
  4 rats
101 creatures vanquished.

Notes
Turn   | Place    | Note
-------+----------+-------------------------------------------
     0 | D:1      | qw the Spriggan Hunter began the quest for the Orb.
     0 | D:1      | Reached XP level 1. HP: 10/10 MP: 2/2
     0 | D:1      | 0 ||| qw: Version: 0.3-a-160-g6735b56
     0 | D:1      | 0 ||| qw: Game counter: 5794
     0 | D:1      | 0 ||| qw: Melee chars always use a shield: true
     0 | D:1      | 0 ||| qw: God list: Okawaru
     0 | D:1      | 0 ||| qw: Allow faded altars: false
     0 | D:1      | 0 ||| qw: Do Orc after clearing Dungeon:15 true
     0 | D:1      | 0 ||| qw: Do second Lair branch before Depths: true
     0 | D:1      | 0 ||| qw: Lair rune preference: random
     0 | D:1      | 0 ||| qw: Goals: Normal
     0 | D:1      | 0 ||| PLANNING D:1-11
    76 | D:1      | Reached skill level 3 in Dodging
   141 | D:1      | Found a faded altar of an unknown god.
   188 | D:1      | Reached skill level 4 in Dodging
   188 | D:1      | Reached XP level 2. HP: 14/14 MP: 3/3
   450 | D:1      | 450 ||| READING scroll labelled VANKUOZ YDISO.
   450 | D:1      | 450 ||| IDENTIFYING smoky puce potion
   451 | D:1      | 451 ||| READING scroll labelled WESOCO ESINNEGEWN.
   452 | D:1      | 452 ||| READING scroll labelled OSURE XIARUGO.
   453 | D:1      | 453 ||| READING scroll labelled TIBRISOSTRO.
   456 | D:1      | 456 ||| READING scroll labelled DIFAUCIYDE.
   456 | D:1      | 456 ||| ENCHANTING +0 shortbow.
   457 | D:1      | 457 ||| DROPPING scroll of butterflies.
   458 | D:1      | 458 ||| DROPPING potion of lignification.
   503 | D:2      | Reached XP level 3. HP: 18/18 MP: 4/4
   935 | D:2      | 935 ||| UPGRADING to +4 ring of protection.
   936 | D:2      | 936 ||| READING scroll of identify.
   936 | D:2      | 936 ||| IDENTIFYING yellow potion
   937 | D:2      | 937 ||| READING scroll labelled BUIPRO MAENT.
   968 | D:2      | 968 ||| DROPPING potion of attraction.
  1003 | D:3      | Found a large runed translucent door.
  1004 | D:3      | Found a large runed translucent door.
  1048 | D:3      | Found a broken altar of Ashenzari.
  1137 | D:3      | Reached XP level 4. HP: 22/22 MP: 5/5
  1194 | D:3      | Found a one-way gate to the infinite horrors of the Abyss.
  1223 | D:3      | Found a snail-covered altar of Cheibriados.
  1231 | D:3      | Reached skill level 5 in Dodging
  1469 | D:3      | Reached XP level 5. HP: 26/26 MP: 6/6
  1648 | D:3      | Found a corrupted altar of Lugonu.
  1731 | D:3      | 1731 ||| UPGRADING to +6 ring of dexterity.
  1732 | D:3      | 1732 ||| READING scroll labelled QUYCVA ZECWY.
  1883 | D:4      | Identified the +2 robe "Widdo" {Int+2}
  1927 | D:4      | Found a shadowy altar of Dithmenos.
  1939 | D:4      | Noticed Menkaure
  1942 | D:4      | 1942 ||| ZAPPING wand of acid (12) at -4,1 (Menkaure;
                  | floor).
  1943 | D:4      | 1943 ||| ZAPPING wand of acid (11) at -3,1 (Menkaure;
                  | floor).
  1944 | D:4      | 1944 ||| ZAPPING wand of acid (10) at -3,1 (Menkaure;
                  | floor).
  1944 | D:4      | Killed Menkaure
  1945 | D:4      | Reached skill level 7 in Dodging
  1945 | D:4      | Reached XP level 6. HP: 30/30 MP: 7/7
  2265 | D:4      | 2265 ||| UPGRADING to +2 robe "Widdo" {Int+2}.
  2275 | D:4      | 2275 ||| DROPPING +0 robe.
  2276 | D:4      | 2276 ||| READING scroll of identify.
  2276 | D:4      | 2276 ||| IDENTIFYING fuming yellow potion
  2277 | D:4      | 2277 ||| DROPPING potion of magic.
  2305 | D:5      | Entered Level 5 of the Dungeon
  2345 | D:5      | Found a staircase to the Ecumenical Temple.
  2346 | D:5      | 2346 ||| PLANNING TEMPLE
  2351 | Temple   | Entered the Ecumenical Temple
  2352 | Temple   | 2352 ||| PLANNING D:1-11
  2440 | D:5      | Found a hide-covered altar of Uskayaw.
  2569 | D:5      | Reached skill level 6 in Ranged Weapons
  2598 | D:5      | Noticed Eustachio
  2599 | D:5      | 2599 ||| ZAPPING wand of acid (9) at 1,-1 (Eustachio;
                  | floor).
  2600 | D:5      | 2600 ||| ZAPPING wand of acid (8) at 1,-1 (Eustachio;
                  | floor).
  2601 | D:5      | 2601 ||| ZAPPING wand of acid (7) at 1,-1 (Eustachio;
                  | floor).
  2601 | D:5      | Killed Eustachio
  2602 | D:5      | Reached skill level 8 in Dodging
  2602 | D:5      | Reached XP level 7. HP: 35/35 MP: 8/8
  3064 | D:5      | 3064 ||| READING scroll labelled LINKAKH YLUI.
  3065 | D:5      | 3065 ||| DRINKING 2 golden potions.
  3066 | D:5      | 3066 ||| DRINKING 2 ruby potions.
  3067 | D:5      | 3067 ||| DROPPING potion of degeneration.
  3640 | D:6      | 3640 ||| READING scroll labelled QOFAKK VUEGHU.
  3641 | D:6      | 3641 ||| READING scroll labelled SESUOTHRIPEHO.
  3643 | D:6      | 3643 ||| Stepping ~*~*~tactically~*~*~ (cloud).
  3739 | D:7      | 3739 ||| PLANNING OSSUARY
  3768 | D:7      | 3768 ||| RETREEEEATING.
  3789 | D:7      | Reached skill level 9 in Dodging
  3799 | D:7      | Reached XP level 8. HP: 28/39 MP: 9/9
  3938 | D:7      | HP: 7/39 [orc/+0 hand axe (3)]
  3939 | D:7      | 3939 ||| READING 7 scrolls of teleportation.
  3941 | D:7      | Slain by a wyvern

Levels and vault maps discovered:
D:1:      ncdulo_smallfort, layout_rooms, shapermc_ecumenical_altar_mp_vishouse
D:2:      layout_basic, minmay_nonomino_d4
D:3:      due_chaos_kobolds, layout_loops_ring, lemuel_round_altar,
          slow_altar_1, minmay_tree_intersection
D:4:      layout_cave_pools, mainiacjoe_overflow_catwalk,
          nicolae_elevator_lobby_asterisk, uniq_menkaure
D:5:      layout_rooms, mainiacjoe_overflow_boulevard,
          minmay_temple_entry_butterflies, roderic_lattice_a, uniq_eustachio
D:6:      layout_loops_ring, grunt_decor_mini_mirrors
D:7:      layout_loops_ring, nicolae_kikubaaqudgha_miasma_corner,
          nicolae_ossuary_entry_plus, st_stairs_1
Temple:   nicolae_temple_bog_church

Skill      XL: |  1  2  3  4  5  6  7  8 |
---------------+-------------------------+-----
Dodging        | 4 5 7 8 9 |  9.0
Ranged Weapons | 5 6 7 8 |  8.0
Fighting       | 2 |  2.9
Stealth        | |  1.5

Action                     |  1- 3 |  4- 6 |  7- 9 || total
---------------------------+-------+-------+-------++-------
   Fire: Shortbow          |   101 |    87 |   126 ||   314
  Evoke: Wand              |       |     6 |       ||     6
    Use: Scroll            |     7 |     2 |     4 ||    13
         Potion            |       |       |     2 ||     2
 Armour: Robe              |    10 |     5 |    26 ||    41
  Dodge: Dodged            |    44 |    16 |   106 ||   166

Table legend:
 A = Non-vault XP
 B = Vault XP
 C = Vault XP percentage of total XP
 D = Non-vault monster count
 E = Vault monster count
 F = Vault count percentage of total count
                 A         B        C        D         E       F
            +---------+---------+-------+---------+---------+-------
      Total |    1323 |     455 |  25.6 |      92 |       9 |   8.9
            +---------+---------+-------+---------+---------+-------
        D:1 |      38 |       0 |   0.0 |      17 |       0 |   0.0
        D:2 |      26 |       9 |  25.7 |      17 |       5 |  22.7
        D:3 |      81 |      42 |  34.1 |      14 |       1 |   6.7
        D:4 |      44 |     183 |  80.6 |      12 |       1 |   7.7
        D:5 |     242 |     176 |  42.1 |      13 |       1 |   7.1
        D:6 |     311 |       0 |   0.0 |      10 |       0 |   0.0
        D:7 |     581 |      45 |   7.2 |       9 |       1 |  10.0
            +---------+---------+-------+---------+---------+-------
